Cogmind - Beta 15 @@@ ROGUE MODE // 2025.07.08 @ 13:30:49 Player: cingulata Result: Destroyed by UL-0VV(R) with Subdweller Machine Gun Performance ------------- Evolutions (0) 0 Regions Visited (3) 600 Robots Destroyed (46) 230 Value Destroyed (753) 753 Prototype IDs (2) 40 Alien Tech Used (0) 0 Bonus (0) 0 TOTAL SCORE: 1623 Bonus ------- None Cogmind --------- Core Integrity 0/250 Matter 9/300 Energy 246/250 System Corruption 0% Temperature Cool (2) Movement Treading (320) Ox2 Location -10/Subcaves Parts ------- > --- POWER (1) -------- Ion Engine > --- PROPULSION (2) --- Light Treads Light Treads > --- UTILITY (2) ------ Huge Storage Unit Seismic Detector > --- WEAPON (2) ------- (None) > --- INVENTORY (25) --- Light Ion Engine Light Nuclear Core Disposable Heat Sink Disposable Heat Sink Structural Scanner Visual Processing Unit Subdweller Optics Sensor Array ECM Suite Power Shielding Propulsion Shielding Weapon Shielding Light Armor Plating Shield Generator Shield Generator Assault Rifle Autogun Improved Light Cannon Improved Light Cannon Improved Light Cannon Improved Light Cannon Mining Laser Peak State ------------ > --- POWER ------------ Ion Engine > --- PROPULSION ------- Wheel Compact Wheel > --- UTILITY ---------- Huge Storage Unit Subdweller Optics > --- WEAPON ----------- Autogun Autogun > --- INVENTORY -------- Light Ion Engine Light Nuclear Core Light Treads Light Treads Disposable Heat Sink Disposable Heat Sink Structural Scanner Visual Processing Unit Sensor Array Seismic Detector ECM Suite Power Shielding Propulsion Shielding Weapon Shielding Light Armor Plating Shield Generator Shield Generator Assault Rifle Assault Rifle Improved Light Cannon Improved Light Cannon Improved Light Cannon Improved Light Cannon Grenade Launcher Mining Laser [Rating: 13] Favorites ----------- Power Ion Engine Engine Ion Engine Propulsion Wheel Treads Light Treads Leg Aluminum Leg Wheel Wheel Utility Huge Storage Unit Device Seismic Detector Storage Huge Storage Unit Protection Light Armor Plating Weapon Assault Rifle Ballistic Gun Assault Rifle Launcher Grenade Launcher Special Weapon Mining Laser Build | -11 -10 -10 -10 ------- Run | Yrd Mat Min Sub Slots Evolved . | . . . . Power . | . . . . Propulsion . | . . . . Utility . | . . . . Weapon . | . . . . Parts Attached 27 | 1 19 2 5 Power 2 | . 2 . . Engine 2 | . 2 . . Core . | . . . . Reactor . | . . . . Propulsion 9 | . 5 1 3 Treads 2 | . . . 2 Leg 3 | . 3 . . Wheel 4 | . 2 1 1 Hover . | . . . . Flight . | . . . . Utility 8 | 1 5 1 1 Device 4 | 1 2 . 1 Storage 3 | . 3 . . Processor . | . . . . Hackware . | . . . . Protection 1 | . . 1 . Artifact . | . . . . Weapon 8 | . 7 . 1 Energy Gun . | . . . . Energy Cannon . | . . . . Ballistic Gun 6 | . 6 . . Ballistic Cannon . | . . . . Launcher 1 | . . . 1 Special Weapon 1 | . 1 . . Impact Weapon . | . . . . Slashing Weapon . | . . . . Piercing Weapon . | . . . . Special Melee Weapon . | . . . . Unidentified Prototypes . | . . . . Parts Lost 6 | . . . 6 Power . | . . . . Propulsion 3 | . . . 3 Utility . | . . . . Weapon 3 | . . . 3 Highest Loss Streak 4 | . . . 4 To Critical Strikes . | . . . . Average Backups 17 | 6 12 24 24 Power 1 | 1 1 2 2 Propulsion 2 | 4 2 2 1 Utility 7 | . 4 11 12 Weapon 5 | 1 3 9 7 Tool/Special . | . . . . Unused Backups 29 | 6 7 . 16 Power 3 | 1 1 . 1 Propulsion 4 | 2 2 . . Utility 12 | 1 1 . 10 Weapon 10 | 2 3 . 5 Tool/Special . | . . . . Average Slot Usage (%) 99 | . 100 100 97 Engine 14 | . 14 14 14 Treads 1 | . . . 5 Leg 7 | . 13 . . Wheel 18 | . 14 28 22 Device 10 | . 10 5 14 Storage 16 | . 18 14 14 Protection 1 | . . 8 . Ballistic Gun 25 | . 25 28 25 Special Weapon 1 | . 2 . . Peak Build Rating 13 | 7 12 12 13 Average Rating 9 | 6 8 12 11 On Entrance 9 | 6 7 12 12 Naked Turns . | . . . . Heaviest Build 101 | 12 101 94 93 Greatest Support 40 | 20 20 26 40 Greatest Overweight (x) 5 | . 5 4 5 Average Overweight (x) 2 | . 2 3 2 Largest Inventory Capacity 25 | 8 25 25 25 Average Capacity 20 | 8 17 25 25 Most Carried 25 | 8 25 25 25 Average Carried 17 | 6 12 24 24 Final Capacity 25 | 8 25 25 25 Final Carried 25 | 8 25 25 22 Class Distribution -------------------- 80% | Mutant 19% | Scavenger-Mutant Dominant Class ---------------- Mutant | -10/Materials Mutant | -10/Mines Mutant | -10/Subcaves Resources | -11 -10 -10 -10 ----------- Run | Yrd Mat Min Sub Matter Collected 1201 | 278 614 206 103 Remotely . | . . . . Salvage Created 1227 | 122 797 211 97 Parts 86 | 10 51 17 8 Haulers Intercepted 2 | . 2 . . Recyclers Shooed 3 | 1 . 2 . Parts Field Recycled . | . . . . Retrieved Matter . | . . . . Parts Self-Destructed 6 | . . . 6 Prevented . | . . . . Kills | -11 -10 -10 -10 ------- Run | Yrd Mat Min Sub Combat Hostiles Destroyed 28 | . 17 6 5 Guns 26 | . 17 6 3 AOE 2 | . . . 2 Classes Destroyed 11 | 2 7 . 2 Worker 1 | . 1 . . Builder 2 | . 2 . . Tunneler 3 | 3 . . . Hauler 2 | . 2 . . Recycler 4 | 1 1 2 . Operator 2 | . 2 . . Turret 2 | . . . 2 Watcher 2 | . 2 . . Swarmer 17 | . 8 6 3 Grunt 9 | . 9 . . Subdweller 2 | . . . 2 Best Kill Streak 5 | 2 5 3 3 Combat Bots Only 3 | . 3 3 2 Max Kills in Single Turn 2 | 1 1 2 1 Gunslinging 1 | . . 1 . Exploded 1 | . . . 1 Melee . | . . . . Uniques/NPCs Destroyed . | . . . . Combat | -11 -10 -10 -10 -------- Run | Yrd Mat Min Sub Hostile Shots Fired 161 | . 65 19 77 Missed 48 | . 20 4 24 Hits 113 | . 45 15 53 Projectile 113 | . 45 15 53 Critical Strikes 1 | . . . 1 Damage Taken 1338 | . 475 114 749 Core 265 | . 133 30 102 Absorbed by Shields . | . . . . Core Remaining (%) 100 | 100 . . . Volleys Fired 139 | 17 75 19 28 Largest 2 | 2 2 2 2 Hottest 120 | 40 120 46 53 Shots Fired 251 | 34 137 38 42 Gun 223 | 34 124 38 27 Cannon . | . . . . Launcher 15 | . . . 15 Special 13 | . 13 . . Kinetic 223 | 34 124 38 27 Thermal 13 | . 13 . . Explosive 15 | . . . 15 Electromagnetic . | . . . . Robot Hit Streak 18 | 5 18 4 5 Robot Miss Streak 5 | 2 3 5 4 Penetration Max . | . . . . Secondary Targets 2 | . 1 1 . Max Gunslinging Chain 1 | . 1 1 . Shots Hit Robots 134 | 18 82 18 16 Core Hits 69 | 7 38 10 14 Critical Kills 2 | . 2 . . Critical Parts Destroyed 2 | . 1 1 . Critical Strikes 4 | . 3 1 . Destroy 4 | . 3 1 . Melee Attacks . | . . . . Impact . | . . . . Slashing . | . . . . Piercing . | . . . . Sneak Attacks . | . . . . Combat Hostiles . | . . . . Follow-up Attacks . | . . . . Damage Inflicted 2085 | 176 1089 264 556 Guns 1706 | 176 1089 264 177 Cannons . | . . . . Explosions 379 | . . . 379 Melee . | . . . . Ramming . | . . . . Kinetic 1706 | 176 1089 264 177 Thermal . | . . . . Explosive 379 | . . . 379 Electromagnetic . | . . . . Impact . | . . . . Slashing . | . . . . Piercing . | . . . . Highest Corruption . | . . . . Average Corruption . | . . . . Corruption Purged . | . . . . Corruption Blocked . | . . . . Overload Shots . | . . . . Overflow Damage . | . . . . Projectiles . | . . . . Explosions . | . . . . Melee . | . . . . Knockbacks . | . . . . Impact . | . . . . Kinetic . | . . . . Secondary . | . . . . Self-Inflicted Damage 8 | . . . 8 Shots 1 | . . . 1 Rammed . | . . . . Targets Rammed . | . . . . Kicked . | . . . . Crushed . | . . . . Highest Temperature 80 | . 80 24 . Average Temperature 17 | . 22 10 . Received Heat Transfer 297 | . 180 . 117 Siege Activations . | . . . . Martial Activations . | . . . . Shielding Activations . | . . . . Robots Disrupted . | . . . . Combat Hostiles . | . . . . Robots Corrupted . | . . . . Combat Hostiles . | . . . . Parts Fried . | . . . . Impact Corruptions . | . . . . Robots Melted . | . . . . Combat Hostiles . | . . . . Parts Melted . | . . . . Heat Transferred . | . . . . Parts Sabotaged . | . . . . Parts Stolen . | . . . . Parts Stripped . | . . . . Power Chain Reactions . | . . . . Alert | -11 -10 -10 -10 ------- Run | Yrd Mat Min Sub Maximum Alert Level 1 | . 1 . . Low Security (%) 51 | 100 35 100 . Level 1 48 | . 64 . . Level 2 . | . . . . Level 3 . | . . . . Level 4 . | . . . . Level 5 . | . . . . High Security . | . . . . Max Security . | . . . . Peak Influence 300 | 10 300 156 . Initial 75 | . . 75 . Average 160 | 2 187 107 . Influence Increases 997 | 20 601 171 205 Destroy 0b10 Robot/C 560 | . 340 120 100 Destroy 0b10 Robot/NC 80 | 20 50 10 . Destroy Leader 88 | . 68 20 . Successful Hack 31 | . 25 6 . Destroy Structure 13 | . 13 . . Lose Combat Pursuer 225 | . 105 15 105 Influence Decreases 997 | 20 408 278 291 Entered New Map 164 | . . 118 46 Time Decay 792 | 20 408 160 204 Lost Part 41 | . . . 41 Squads Dispatched 2 | . 2 . . Investigation 1 | . 1 . . Extermination . | . . . . Reinforcement 1 | . 1 . . Assault . | . . . . Garrison . | . . . . Intercept . | . . . . Searches Triggered . | . . . . Construction Impeded . | . . . . Haulers Reinforced . | . . . . Active Scanning Responses . | . . . . Cargo Convoy Interrupts . | . . . . Stealth | -11 -10 -10 -10 --------- Run | Yrd Mat Min Sub Distress Signals 1 | . 1 . . Communications Jammed . | . . . . Distress Signals . | . . . . Times Spotted 50 | . 35 7 8 Peak Tracking Total 6 | . 6 3 4 Tactical Retreats 8 | . 4 1 3 Traps | -11 -10 -10 -10 ------- Run | Yrd Mat Min Sub Traps Triggered 1 | . 1 . . Indirectly . | . . . . Trap Hack Attempts . | . . . . Triggered . | . . . . Disarmed . | . . . . Reprogrammed . | . . . . Reused . | . . . . Traps Extracted . | . . . . Installed . | . . . . Triggered . | . . . . Machines | -11 -10 -10 -10 ---------- Run | Yrd Mat Min Sub Machines Disabled 5 | . 1 . 4 Max in Single Turn 3 | . 1 . 3 Machines Repaired . | . . . . Machines Dismantled . | . . . . Machines Sabotaged . | . . . . Overloaded Fab Kills . | . . . . Hacking | -11 -10 -10 -10 --------- Run | Yrd Mat Min Sub Machines Accessed 7 | . 6 1 . Terminals 6 | . 5 1 . Fabricators . | . . . . Repair Stations . | . . . . Recycling Units 1 | . 1 . . Scanalyzers . | . . . . Garrison Access . | . . . . Total Hacks 20 | . 17 3 . Successful 13 | . 10 3 . Failed 7 | . 7 . . Catastrophic 1 | . 1 . . Database Lockouts . | . . . . Manual 13 | . 10 3 . Terminals 18 | . 15 3 . Fabricators . | . . . . Repair Stations . | . . . . Recycling Units 2 | . 2 . . Scanalyzers . | . . . . Garrison Access . | . . . . Terminal Hacks 9 | . 7 2 . Robot Analysis 2 | . 2 . . Prototype ID Bank 1 | . 1 . . Terminal Index 2 | . 1 1 . Locate Traps 2 | . 2 . . Hauler Manifests 1 | . 1 . . Zone Layout 1 | . . 1 . Fabricator Hacks . | . . . . Repair Station Hacks . | . . . . Recycling Unit Hacks 1 | . 1 . . Retrieve Components 1 | . 1 . . Scanalyzer . | . . . . Garrison Access Hacks . | . . . . Unauthorized Hacks 3 | . 2 1 . Terminals 3 | . 2 1 . Track 1 | . . 1 . Botnet 1 | . 1 . . Operators 1 | . 1 . . Fabricators . | . . . . Repair Stations . | . . . . Recycling Units . | . . . . Scanalyzers . | . . . . Garrison Access . | . . . . Data Cores Recovered 1 | . 1 . . Used 1 | . 1 . . Hacking Detections 6 | . 5 1 . Full Trace Events . | . . . . Feedback Events . | . . . . Feedback Blocked . | . . . . Robot Schematics Acquired . | . . . . Robots Built . | . . . . Authchips . | . . . . Time . | . . . . Total Robot Build Rating . | . . . . Part Schematics Acquired . | . . . . Parts Built . | . . . . Authchips . | . . . . Time . | . . . . Total Part Build Rating . | . . . . Parts Repaired . | . . . . Time . | . . . . Parts Recycled . | . . . . Recycled Matter . | . . . . Retrieved Matter . | . . . . Retrieved Components 10 | . 10 . . Parts Scanalyzed . | . . . . Part Schematics Acquired . | . . . . Parts Damaged . | . . . . Bothacking | -11 -10 -10 -10 ------------ Run | Yrd Mat Min Sub Used RIF Installer . | . . . . Robots Hacked . | . . . . Non-combat . | . . . . Combat . | . . . . Robot Hacks Applied . | . . . . Relay Couplers Released . | . . . . Fabnet Peak Effective % . | . . . . Robots Rewired . | . . . . Allies Hacked . | . . . . Hacks Repelled . | . . . . Allies | -11 -10 -10 -10 -------- Run | Yrd Mat Min Sub Total Allies . | . . . . Largest Group . | . . . . Highest-Rated Group . | . . . . Highest-Rated Ally . | . . . . Total Orders . | . . . . Ally Attacks . | . . . . Total Damage . | . . . . Kills . | . . . . Allies Corrupted . | . . . . Allies Melted . | . . . . Intel | -11 -10 -10 -10 ------- Run | Yrd Mat Min Sub Active Infowar (turns) 1902 | 22 959 128 793 Optics 450 | . . . 450 Seismic 1451 | 22 958 128 343 ECM 1 | . 1 . . Robot Analysis Total 2 | . 2 . . Derelict Logs Recovered 1 | . . 1 . Drone Launches . | . . . . Drone Recoveries . | . . . . Exploration | -11 -10 -10 -10 ------------- Run | Yrd Mat Min Sub Turns Passed 2562 | 115 1323 331 793 Spaces Moved 1441 | 53 721 197 470 Core . | . . . . Treads 36 | . . . 36 Legs 374 | 53 321 . . Wheels 1031 | . 400 197 434 Hover . | . . . . Flight . | . . . . Fastest Speed 120 | 120 120 135 135 Average Speed 138 | 120 133 136 149 Slowest Speed 320 | 120 190 140 320 Overloaded Moves . | . . . . Propulsion Burnouts . | . . . . Robots Hopped . | . . . . Potential Cave-ins . | . . . . Cave-ins Triggered . | . . . . Exploration Rate (%) 45 | 5 97 43 36 Regions Visited 3 Branch Regions 2 Pre-discovered Areas 1 | . . 1 . Known Exits Taken . | . . . . Unknown Exits Taken 3 | 1 1 1 . Scrap Searched 1 | . . 1 . Spaces Dug 21 | . 12 . 9 Terrain Destroyed 55 | . 13 . 42 Melee . | . . . . Projectile 13 | . 13 . . AOE 42 | . . . 42 Terrain Rammed . | . . . . Walls Destroyed . | . . . . Machines Disabled . | . . . . Actions | -11 -10 -10 -10 --------- Run | Yrd Mat Min Sub Total 1742 | 73 921 229 519 Wait 69 | 1 58 8 2 Move 1438 | 52 720 196 470 Hop . | . . . . Pick Up 28 | 2 23 1 2 Fast Attach 1 | 1 . . . Attach 4 | . . . 4 Detach . | . . . . Swap 43 | . 28 3 12 Drop 20 | . 17 2 1 Fire 139 | 17 75 19 28 Melee . | . . . . Ram . | . . . . Kick . | . . . . Crush . | . . . . Escape Stasis . | . . . . Rewire . | . . . . Trap . | . . . . Miscellaneous . | . . . . Route ------- -11/Scrapyard -10/Materials (discovered 5 exits: [*Mat x3] / *Min / [*Sub]) -10/Mines (discovered 3 exits: [*Mat x2] / [*Sub]) -10/Subcaves (discovered 2 exits: [*Mat] / [*Rec]) History --------- Turn | Location | Event 1 | -11/Scrapyard | Discovered new exit (range 2) 116 | -11/Scrapyard | Entered Materials 221 | -10/Materials | Discovered new exit (range 15) 304 | -10/Materials | Build established: Mutant 565 | -10/Materials | Discovered new exit (range 4) 884 | -10/Materials | Discovered new exit (range 8) 966 | -10/Materials | Core integrity fell below 50% 1301 | -10/Materials | Discovered new exit (range 13) 1336 | -10/Materials | Discovered new exit (range 5) 1439 | -10/Materials | Entered Mines 1449 | -10/Mines | Found a damaged Exp. Sensor Array with a note attached 1611 | -10/Mines | Discovered new exit (range 10) 1696 | -10/Mines | Assembled infested the area 1701 | -10/Mines | Assisted by a Guerilla fighting off Assembled 1750 | -10/Mines | Discovered new exit (range 4) 1763 | -10/Mines | Discovered new exit (range 6) 1770 | -10/Mines | Entered Subcaves 1940 | -10/Subcaves | A swath of the cavern ceiling suddenly collapsed 1949 | -10/Subcaves | Discovered new exit (range 7) 2178 | -10/Subcaves | Discovered new exit (range 10) 2186 | -10/Subcaves | Core integrity fell below 20% 2563 | -10/Subcaves | Destroyed by UL-0VV(R) with Subdweller Machine Gun Last Messages --------------- 02178_ EXIT=FOUND 02179_ The unstable cave ceiling collapses. 02181_ Acquired 20 matter. 02190_ Subatomizers dissect the Sub. Monowheel. 02191_ Autogun destroyed. 02197_ Autobeam Turret destroyed. 02204_ Subatomizers dissect the Sub. Monowheel. 02216_ Subatomizers dissect the Sub. Monowheel, destroying it. 02243_ Subatomizers dissect the Lgt. Ion Engine. 02247_ Acquired 12 matter. 02254_ Acquired Wheel. 02256_ Subatomizers dissect the Lgt. Ion Engine. 02266_ Subatomizers dissect the Lgt. Ion Engine, destroying it. 02471_ Acquired 3 matter. 02491_ Grenade Launcher destroyed. 02507_ Wheel destroyed. 02521_ Com. Wheel destroyed. 02546_ Assault Rifle destroyed. Map ----- +----------------------------------------------------+ | ?????????????????????????????????????????????????? | | ?????????????????????????????????????????????????? | | ?????????????????????????????????????????????????? | | ?????????????????????????????????????????????????? | | ?????????????????????????????????????????????????? | | ?????????????????????????????????????????????????? | | ?????????????????????????????????????????????????? | | ?????????????????????????????????????????????????? | | ?????????????????????????????????????????????????? | | ?????????????????????????????????????????????????? | | ?????????????????????????????????????????????????? | | ?????????????????????????????????????????????????? | | ?????????????????????????????????????????????????? | | ?????????????????????????????????????????????????? | | ?????????????????????????????????????????????????? | | ?????????????????????????????????????????????????? | | ?????????????????????????????????????????????????? | | ????????????????????????????????????????????###??? | | ????????????????????????????????????????????# ??? | | ???????????????????????????????????????????## #??? | | ??????????????????????????###??????????????# "#### | | ????????????????????????## #??????????????# # | | ????????? ????????????## #??????????????# # | | ????????? ?????????### #?????????????## # | | ???????? ????????# #??????###????## #### # | | ???????? ????????# @#?????## #???## ##??### | | ????????? #??????## ##???## #???# ##?????? | | ??????????# ##????# #??## #??## #??????? | | ???????????# #??## #?## ##### ##??????? | | ???????????# ### #### #?# #???????? | | ???????????# #?# #?## ##???????# | | ????????????## #?## #### ##???##### | | ????????????## ##?## ## # #??## | | ????????????# ######## ## ##?## # | | ????????????# #?## # ### ## | | ????????????## #?# # ## | | ?????????????# ### ## ## | | ????????# R | | ????????## ## ## | | ?????????### ?## | | ???#???????#####???# " | | ??## ?????????###### "" " ## | | ??# #?????#### "" " #### | | ??# ##??## ## "" " ##?## | | ??# #?# ## &"" #??# | | ??# ## ##" #??# | | ???# ## ## ""& #??# | | ???## ## ###### ## ### ##?? | | ????## ## #????#### ########## | | ?????##### ####??????## # " ## | +----------------------------------------------------+ Best States ------------- Heat Dissipation 25 Energy Generation 10 Energy Capacity 250 Matter Stores 300 Matter Capacity 300 Sight Range 21 Terrain Scan Density 10 Armor Coverage 150 Evasion (%) 55 Recoil Reduction 2 Item Schematics ----------------- None Robot Schematics ------------------ None Fabricated ------------ Nothing Repaired ---------- Nothing Alien Tech Used ----------------- None Achievements -------------- None Challenges ------------ None Game ------ Seed AngularThunderBiocell Manual? 0 Play Time 00:36:50 Cumulative 47.7 hours Start 2025.07.07 @ 11:48:01 End 2025.07.08 @ 13:30:49 Sessions 2 Manual Loads 0 Difficulty Rogue Special Mode None Game No. 32 Rogue 32 Adventurer 0 Explorer 0 Win Type - Total 1 Types 1/0/0/0/0/0/0/0/0/0 Lore% 23 Gallery% 28 Achievement% 28 Wizard Run 0 Options --------- Layout 2 ASCII 0 Keyboard 0 Movement Numpad Keybinds 0 Fullscreen 1 Font 32/SmallcapsGlow Map View 50x44 Zoom Use 0% Tactical HUD 1 Map Filters NONE Filters NONE Steam 1 RUN: b72a4ad8-30a1-4271-baee-153eaaa53e3a